 Dungeon Crawl Stone Soup version 0.29-a0-243-g602b31c20e (webtiles) character file.

Game seed: 11762353078191046763

19287 mojorge the Unseen (level 12, -3/62 HPs)
             Began as a Spriggan Enchanter on Mar 5, 2022.
             Was an Initiate of Gozag.
             Slain by a komodo dragon (26 damage)
             ... on level 1 of the Lair of Beasts.
             The game lasted 01:06:58 (19205 turns).

mojorge the Unseen (Spriggan Enchanter)            Turns: 19205, Time: 01:06:58

Health: -3/62      AC:  7    Str:  4    XL:     12   Next: 35%
Magic:  0/17       EV: 26    Int: 21    God:    Gozag
Gold:   2373       SH:  0    Dex: 16    Spells: 12/17 levels left

rFire   + . .      SeeInvis +   q - +2 dagger (elec)
rCold   + . .      Faith    .   (no shield)
rNeg    + . .      Spirit   +   u - +2 robe {rC+ rF+}
rPois   .          Reflect  .   Q - +0 hat
rElec   .          Harm     .   y - +2 cloak {Will+}
rCorr   .          Rampage  .   (gloves unavailable)
Will    +++..                   (boots unavailable)
Stlth   ++++++....              h - amulet of guardian spirit
HPRegen 0.20/turn               d - ring of positive energy
MPRegen 0.15/turn               F - ring of wizardry

@: gold aura, very quick
A: very small, no large weapons, unfitting armour, see invisible, speed 3
a: Renounce Religion, Potion Petition, Call Merchant, Bribe Branch


You were on level 1 of the Lair of Beasts.
You worshipped Gozag.
Gozag was most pleased with you.
You visited 3 branches of the dungeon, and saw 14 of its levels.
You also visited: Ossuary.

You collected 2572 gold pieces.
You spent 114 gold pieces at shops.
You paid 85 gold pieces to Gozag.

Inventory:

Hand Weapons
 a - a +1 dagger
 i - a +0 fustibalus
 m - a +1 vampiric short sword
 p - a +1 hunting sling of freezing
 q - a +2 dagger of electrocution (weapon)
Missiles
 j - 550 stones (quivered)
Armour
 b - a +0 robe
 u - a +2 robe of resistance (worn)
 w - the +0 robe "Jiasiuv" {Will+ Dex+3}
   (You bought it in a shop on level 5 of the Dungeon)

   Dex:       It affects your dexterity (+3).
   Will:      It increases your willpower.
 y - a +2 cloak of willpower (worn)
 M - +0 acid dragon scales
 Q - a +0 hat (worn)
Jewellery
 d - a ring of positive energy (left hand)
 h - an amulet of guardian spirit (around neck)
 F - a ring of wizardry (right hand)
 L - an amulet of regeneration
Wands
 v - a wand of acid (8)
 C - a wand of paralysis (6)
 K - a wand of flame (23)
 R - a wand of iceblast (10)
Scrolls
 f - 3 scrolls of immolation {unknown}
 k - 3 scrolls of vulnerability
 n - 3 scrolls of enchant armour
 o - a scroll of magic mapping
 s - 4 scrolls of teleportation {unknown}
 z - a scroll of fog
 D - a scroll of brand weapon
 E - a scroll of noise
 J - a scroll of fear {unknown}
 N - a scroll of blinking {unknown}
 O - 2 scrolls of identify
 P - a scroll of acquirement {unknown}
 T - 2 scrolls of enchant weapon
 U - a scroll of torment {unknown}
Potions
 c - 2 potions of invisibility
 e - a potion of attraction
 g - 7 potions of curing
 l - 2 potions of brilliance
 r - 3 potions of degeneration
 t - 2 potions of ambrosia
 x - 3 potions of mutation
 A - a potion of lignification
 B - 4 potions of berserk rage
 G - 3 potions of flight {unknown}
 H - a potion of might {unknown}
 I - a potion of haste {unknown}
 S - a potion of magic {unknown}


   Skills:
 * Level 6.4 Fighting
 - Level 12.7 Short Blades
 + Level 4.0 Armour
 + Level 13.2 Dodging
 + Level 15.6 Stealth
 - Level 3.0 Spellcasting
 - Level 4.2 Hexes


You had 12 spell levels left.
You knew the following spells:

 Your Spells              Type           Power      Damage    Failure   Level
a - Ensorcelled Hibernat  Hex/Ice        24%        N/A       3%          2
b - Confusing Touch       Hex            20%        N/A       2%          3

Your spell library contained the following spells:

 Spells                   Type           Power      Damage    Failure   Level
 Tukima's Dance           Hex            20%        N/A       2%          3
 Sandblast                Erth           6%         2d5       5%          1
 Sting                    Tmut/Pois      12%        1d3       5%          1
 Dazzling Flash           Conj/Hex       24%        N/A       7%          3
 Portal Projectile        Hex/Tloc       24%        N/A       7%          3
 Summon Guardian Golem    Hex/Summ       12%        N/A       7%          3
 Passwall                 Tmut/Erth      2%         N/A       9%          2
 Poisonous Vapours        Pois/Air       6%         N/A       9%          2
 Stone Arrow              Conj/Erth      6%         3d7       16%         3
 Animate Dead             Necr           1%         N/A       45%         4
 Olgreb's Toxic Radiance  Pois           3%         N/A       45%         4
 Blade Hands              Tmut           1%         N/A       78%         5
 Borgnjor's Vile Clutch   Necr/Erth      1%         N/A       78%         5
 Excruciating Wounds      Necr           1%         N/A       78%         5
 Death Channel            Necr           1%         N/A       100%        6
 Orb of Destruction       Conj           1%         9d5       100%        7
 Spellforged Servitor     Conj/Summ      1%         N/A       100%        7


Dungeon Overview and Level Annotations

Branches:
Dungeon (11/15)            Temple (1/1) D:6            Lair (2/6) D:10
Ossuary (visited)
  Swamp: Lair:2-4    Shoals: Lair:2-4     Snake: Lair:2-4    Spider: Lair:2-4
    Orc: D:9-12

Altars:
Ashenzari
Cheibriados
Dithmenos
Elyvilon
Fedhas
Gozag
Hepliaklqana
Kikubaaqudgha
Makhleb
Nemelex Xobeh
Okawaru
Qazlal
Ru
Sif Muna
Trog
Uskayaw
Vehumet
Xom
Yredelemnul
Zin
The Shining One

Shops:
D:5 [   D:10 (


Innate Abilities, Weirdness & Mutations

You are very small and have problems with some larger weapons.
You are too small for most types of armour.
You have supernaturally acute eyesight. (SInv)
You cover ground extremely quickly. (Speed+++)


Message History

You hit the komodo dragon.
Lightning courses through the komodo dragon!
The komodo dragon is moderately wounded.
You hit the komodo dragon but do no damage.
The komodo dragon is moderately wounded.
The komodo dragon hisses menacingly.
The komodo dragon misses you.
You puncture the komodo dragon!
The komodo dragon is heavily wounded.
You hit the komodo dragon but do no damage.
The komodo dragon is heavily wounded.
The komodo dragon completely misses you.
You hit the komodo dragon but do no damage.
The komodo dragon is heavily wounded.
You hit the komodo dragon but do no damage.
Lightning courses through the komodo dragon!
The komodo dragon is almost dead.
The komodo dragon is distracted by your dazzling golden aura.
The komodo dragon hisses angrily.
You hit the komodo dragon.
The komodo dragon is no longer distracted by gold.
The komodo dragon is almost dead.
The komodo dragon bites you!
You hit the komodo dragon but do no damage.
The komodo dragon is almost dead.
You closely miss the komodo dragon.
The komodo dragon is almost dead.
The komodo dragon closely misses you.
You hit the komodo dragon but do no damage.
The komodo dragon is almost dead.
You hit the komodo dragon but do no damage.
The komodo dragon is almost dead.
The komodo dragon bites you!
You hit the komodo dragon.
The komodo dragon is almost dead.
You closely miss the komodo dragon.
The komodo dragon is almost dead.
The komodo dragon bites you!!
You die...
Your body crumbles into a pile of gold.

## #P........# #P.......
###.......# ##........
##......# #.........
#......## #.........
######..### #........#
##...# #.......##
##..##### ##......#
##...#.# ##..#..#
##@...## ###..P#
##.l....## ###..###
##........###.#..#
#..........###..##
##...........##..#
##...............##
#................###
#..................####
##...............)......


You could see a komodo dragon.

Vanquished Creatures
  Gastronok (D:11)
  3 two-headed ogres
  Pikel (D:5)
  A cyclops (D:10)
  An elephant (Lair:1)
  Maurice (D:11)
  An ugly thing (D:11)
  Joseph (D:8)
  A guardian serpent (D:11)
  3 cane toads (Lair:1)
  Maggie (D:8)
  A komodo dragon (Lair:2)
  Prince Ribbit (D:8)
  Grinder (D:3)
  3 blink frogs (Lair:1)
  A spriggan (shapeshifter) (D:10)
  4 wyverns
  Grum (D:8)
  15 yaks
  4 steam dragons
  An acid dragon (D:8)
  5 water moccasins
  8 orc warriors
  An ice beast (D:6)
  A black bear (D:7)
  4 wolves (D:8)
  5 ogres
  8 centaurs
  An elf zombie (Ossuary)
  A lemure (D:5)
  4 necrophages
  4 kobold brigands
  5 bullfrogs
  4 scorpions
  17 wights
  28 killer bees
  3 electric eels (D:9)
  2 centaur zombies
  3 howler monkeys (D:10)
  6 hounds
  5 jellies
  6 orc priests
  5 gnoll shamans
  6 iguanas
  Ijyb (D:3)
  13 orc wizards
  3 mummies
  16 gnolls
  7 adders
  2 shadow imps
  A white imp (D:7)
  3 adder zombies (Ossuary)
  3 worms (D:2)
  A dart slug (D:1)
  36 orcs
  3 endoplasms
  5 giant cockroaches
  5 goblins
  3 hobgoblins (D:1)
  19 kobolds
  2 quokkas
  7 ball pythons
  3 bats
  3 frilled lizards
  A goblin zombie (Ossuary)
  6 hobgoblin zombies (Ossuary)
  A jackal zombie (Ossuary)
  13 kobold zombies (Ossuary)
  10 orc zombies (Ossuary)
  6 rats
  A rat zombie (Ossuary)
353 creatures vanquished.

Vanquished Creatures (others)
  7 fungi
  26 plants
33 creatures vanquished.

Grand Total: 386 creatures vanquished

Notes
Turn   | Place    | Note
-------+----------+-------------------------------------------
     0 | D:1      | mojorge the Spriggan Enchanter began the quest for the Orb.
     0 | D:1      | Reached XP level 1. HP: 9/9 MP: 5/5
   347 | D:1      | Reached XP level 2. HP: 10/13 MP: 6/6
   350 | D:1      | Learned a level 2 spell: Ensorcelled Hibernation
  1241 | D:2      | Reached XP level 3. HP: 16/16 MP: 5/8
  1706 | D:2      | Found a faded altar of an unknown god.
  2575 | D:3      | Noticed Ijyb
  2944 | D:3      | Killed Ijyb
  2945 | D:3      | Reached skill level 5 in Stealth
  2945 | D:3      | Reached XP level 4. HP: 4/21 MP: 0/9
  3211 | D:3      | Found a bloodstained altar of Trog.
  3626 | D:3      | Noticed Grinder
  3836 | D:4      | Noticed a scorpion
  3860 | D:4      | Killed a scorpion
  3861 | D:4      | Reached XP level 5. HP: 24/24 MP: 10/10
  4003 | D:4      | Reached skill level 6 in Stealth
  4153 | D:4      | Learned a level 3 spell: Confusing Touch
  4368 | D:4      | Reached XP level 6. HP: 28/28 MP: 11/11
  4434 | D:4      | Found a burning altar of Makhleb.
  4786 | D:5      | Entered Level 5 of the Dungeon
  4864 | D:5      | Reached skill level 5 in Dodging
  4897 | D:5      | Reached skill level 5 in Short Blades
  5062 | D:5      | Noticed an orc warrior
  5603 | D:5      | Reached skill level 7 in Stealth
  5603 | D:5      | Reached XP level 7. HP: 32/32 MP: 12/12
  5845 | D:5      | Noticed Pikel
  6011 | D:5      | Killed Pikel
  6012 | D:5      | Reached skill level 8 in Stealth
  6012 | D:5      | Reached XP level 8. HP: 36/36 MP: 3/13
  6230 | D:5      | Found Nasaowui's Antique Armour Shop.
  6236 | D:5      | Bought a sheer robe for 114 gold pieces
  6236 | D:5      | Identified the +0 robe "Jiasiuv" {Will+ Dex+3} (You bought
                  | it in a shop on level 5 of the Dungeon)
  6855 | D:6      | Found a staircase to the Ecumenical Temple.
  6868 | Temple   | Entered the Ecumenical Temple
  7318 | Temple   | Became a worshipper of Gozag Ym Sagoz the Greedy
  7444 | D:6      | Reached skill level 9 in Stealth
  7560 | D:6      | Found a white marble altar of Elyvilon.
  8365 | D:6      | Found a shimmering blue altar of Sif Muna.
  8508 | D:7      | Reached XP level 9. HP: 39/39 MP: 14/14
  8520 | D:6      | Reached skill level 10 in Stealth
  9533 | D:7      | Reached skill level 10 in Short Blades
  9752 | D:7      | Reached skill level 11 in Stealth
 10577 | D:8      | Noticed Maggie
 10578 | D:8      | Noticed Prince Ribbit
 10729 | D:8      | Found a sand-covered staircase.
 10814 | D:8      | Reached XP level 10. HP: 42/44 MP: 3/15
 10945 | D:8      | Reached skill level 10 in Dodging
 10945 | D:8      | Reached skill level 12 in Stealth
 11066 | Ossuary  | Entered an ossuary
 11616 | D:8      | Noticed Grum
 11962 | D:3      | Killed Grinder
 12260 | D:8      | Noticed Joseph
 12301 | D:8      | Killed Grum
 12341 | D:8      | Killed Joseph
 12424 | D:8      | Found a stormy altar of Qazlal.
 12692 | D:8      | Killed Prince Ribbit
 12761 | D:8      | Noticed a two-headed ogre
 12907 | D:8      | Killed a two-headed ogre
 12908 | D:8      | Reached skill level 13 in Stealth
 13005 | D:8      | Killed Maggie
 13533 | D:9      | Reached skill level 1 in Fighting
 13702 | D:9      | Reached XP level 11. HP: 49/49 MP: 13/16
 13872 | D:9      | Reached skill level 1 in Armour
 15790 | D:10     | Entered Level 10 of the Dungeon
 15913 | D:10     | Reached skill level 14 in Stealth
 16132 | D:10     | Found a staircase to the Lair.
 16906 | D:10     | Found a basalt altar of Yredelemnul.
 16952 | D:10     | Found Gysynuy's Antique Weapon Boutique.
 16985 | D:10     | Found a broken altar of Ashenzari.
 16994 | D:10     | Found a glowing silver altar of Zin.
 17149 | D:11     | Noticed Gastronok
 17152 | D:11     | Killed Gastronok
 17165 | D:11     | Reached skill level 5 in Fighting
 17246 | D:11     | Noticed a purple ugly thing
 17257 | D:11     | Killed a purple ugly thing
 17334 | D:11     | Noticed a two-headed ogre
 17404 | D:11     | Noticed a two-headed ogre
 17410 | D:11     | Killed a two-headed ogre
 17411 | D:11     | Reached skill level 15 in Stealth
 17542 | D:11     | Reached XP level 12. HP: 47/60 MP: 3/17
 17678 | D:11     | Noticed Maurice
 17685 | D:11     | Killed Maurice
 17966 | D:11     | Killed a two-headed ogre
 18129 | Lair:1   | Entered Level 1 of the Lair of Beasts
 19205 | Lair:1   | Slain by a komodo dragon

Illustrated notes

Levels and vault maps discovered:
D:1:      beargit_arrival_diablo_church, layout_basic
D:2:      layout_basic, hellmonk_ecumenical_altar_heavens_door
D:3:      layout_loops_corners, mainiacjoe_overflow_24_doors, uniq_grinder,
          uniq_ijyb
D:4:      layout_basic, kennysheep_mini, minmay_misc_feat_diagonals
D:5:      layout_basic, serial_shops, kennysheep_little_box,
          minmay_misc_feat_secret_circle, uniq_pikel
D:6:      layout_rooms, mainiacjoe_overflow_brackets, led_sif_pool,
          minmay_temple_entry_glass
D:7:      layout_rooms
D:8:      layout_basic, mainiacjoe_overflow_six_doors_small,
          nicolae_ossuary_entry_false_entrances, uniq_prince_ribbit1, uniq_grum,
          uniq_maggie, uniq_joseph
D:9:      kennysheep_seaside_town, layout_basic, nicolae_overflow_hidden_temple,
          chequers_serial_rivers_small_3, kennysheep_big_empty_room
D:10:     layout_roguey, general_overflow_altar,
          amethyst_overflow_temple_binary, minmay_lair_entry_grove,
          serial_shops, kennysheep_mini_moat
D:11:     layout_gridville, kennysheep_orc_monster_closet_entryway,
          serial_undead, serial_undead_d, serial_undead_b, serial_undead_c,
          serial_undead_b, nrook_guardian_serpent_double, uniq_gastronok,
          uniq_harold, uniq_maurice
Temple:   dshaligram_water_room_temple
Lair:1:   layout_cave_pods
Lair:2:   layout_misc_corridors

Skill      XL: |  1  2  3  4  5  6  7  8  9 10 11 12 |
---------------+-------------------------------------+-----
Dodging        | 3 4 5 6 8 9 11 12 13 | 13.2
Spellcasting   | 3 |  3.0
Short Blades   | 2 3 4 5 7 9 11 12 | 12.7
Hexes          | 4 |  4.2
Stealth        | 5 6 7 8 9 11 13 15 | 15.6
Fighting       | 1 5 6 |  6.4
Armour         | 3 4 |  4.0

Action                   |  1- 3 |  4- 6 |  7- 9 | 10-12 || total
-------------------------+-------+-------+-------+-------++-------
Melee: Dagger            |   102 |    34 |   223 |   570 ||   929
       Punch             |     2 |       |     2 |     8 ||    12
 Fire: Hunting sling     |       |    37 |    62 |    26 ||   125
 Cast: Ensorcelled Hiber |    25 |    13 |    77 |   144 ||   259
       Confusing Touch   |       |       |    16 |     5 ||    21
Evoke: Wand              |       |       |     1 |     1 ||     2
  Use: Scroll            |       |     4 |    12 |       ||    16
 Stab: Sleeping          |    25 |    18 |    45 |    94 ||   182
       Confused          |       |       |    11 |     3 ||    14
       Distracted        |       |       |     3 |     9 ||    12
Armor: Robe              |     3 |     6 |     7 |    27 ||    43
Dodge: Dodged            |    39 |    24 |   160 |   318 ||   541

Table legend: (Time is in decaauts)
 A = Elapsed time spent in this place.
 B = Non-inter-level travel time spent in this place.
 C = Inter-level travel time spent in this place.
 D = Time resting spent in this place.
 E = Time spent auto-exploring this place.
 F = Levels seen in this place.
 G = Mean time per level.
                   A        B        C        D        E       F      G
               +--------+--------+--------+--------+--------+-----+--------+
         Total |  14459 |  14072 |    387 |   2027 |   8134 |  15 |  963.9 |
       Dungeon |  13185 |  12819 |    366 |   2027 |   7452 |  11 | 1198.6 |
        Temple |    281 |    271 |     10 |      0 |      0 |   1 |  281.0 |
          Lair |    729 |    719 |     10 |      0 |    548 |   2 |  364.5 |
       Ossuary |    263 |    263 |      0 |      0 |    133 |   1 |  263.0 |
               +--------+--------+--------+--------+--------+-----+--------+

Top non-repeatable levels by time:
     D:6: 1756 daAuts
     D:9: 1678 daAuts
     D:8: 1569 daAuts
     D:5: 1559 daAuts
     D:2: 1202 daAuts
    D:10: 1060 daAuts
     D:7: 971 daAuts
     D:4: 931 daAuts
     D:1: 908 daAuts
     D:3: 905 daAuts
  Lair:1: 716 daAuts
    D:11: 641 daAuts
  Temple: 281 daAuts
 Ossuary: 263 daAuts
  Lair:2: 12 daAuts
